 Dungeon Crawl Stone Soup version 0.25-a0-547-g27a0b5d1ef (webtiles) character file.

Game seed: 12267887487953792263, levelgen mode: deterministic

65 Freyura the Cudgeler (level 3, 0/28 HPs)
             Began as a Demonspawn Gladiator on Feb 22, 2020.
             Was an Initiate of Qazlal.
             Slain by a worm (3 damage)
             ... on level 3 of the Dungeon.
             The game lasted 00:04:38 (1711 turns).

Freyura the Cudgeler (Demonspawn Gladiator)         Turns: 1711, Time: 00:04:39

Health: 0/28       AC: 13    Str: 11 (14) XL:     3   Next: 94%
Magic:  3/3        EV: 11    Int:  8 (9)  God:    Qazlal [......]
Gold:   173        SH:  0    Dex: 14 (15) Spells: 2/2 levels left

rFire    . . .     SeeInvis .   m - +0 mace (protect)
rCold    . . .     Gourm    .   (no shield)
rNeg     . . .     Faith    .   r - +0 ring mail
rPois    .         Spirit   .   c - +0 helmet
rElec    .         Reflect  .   (no cloak)
rCorr    .         Harm     .   (no gloves)
MR       .....                  (no boots)
Stlth    +.........             (no amulet)
HPRegen  0.09/turn              (no ring)
MPRegen  0.08/turn              (no ring)

@: protection aura
A: claws 2
a: Renounce Religion


You were on level 3 of the Dungeon.
You worshipped Qazlal.
Qazlal was noncommittal.
You were hungry.

You visited 1 branch of the dungeon, and saw 3 of its levels.

You collected 173 gold pieces.

Inventory:

Hand Weapons
 a - a +0 flail
 m - a +0 mace of protection (weapon)
Missiles
 d - 3 throwing nets (quivered)
Armour
 b - a +0 leather armour
 c - a +0 helmet (worn)
 r - a +0 ring mail (worn)
Scrolls
 g - 3 scrolls of teleportation {unknown}
 h - 3 scrolls of identify {unknown}
 l - a scroll of enchant armour {unknown}
Potions
 i - a potion of invisibility
Comestibles
 f - 9 rations


   Skills:
 + Level 2.5 Fighting
 - Level 3.2 Maces & Flails
 - Level 1.7 Throwing
 + Level 1.1 Armour
 + Level 3.1 Dodging
 * Level 1.1 Unarmed Combat
 + Level 0.3 Invocations


You had 2 spell levels left.
You didn't know any spells.
Your spell library was empty.

Dungeon Overview and Level Annotations

Branches:
Dungeon (3/15)

Altars:
Hepliaklqana
Nemelex Xobeh
Qazlal

Annotations:
D:3 2 transporters, Danqa's ghost, amateur SpEn


Innate Abilities, Weirdness & Mutations

You have very sharp fingernails.


Message History

The worm is moderately wounded.
You hit the worm but do no damage.
The worm is moderately wounded.
The worm bites you.
You barely miss the worm.
The worm is lightly wounded.
The worm bites you!
You are too injured to fight recklessly!
You are too injured to fight recklessly!
You are too injured to fight recklessly!
You hit the worm but do no damage.
The worm is lightly wounded.
The worm bites you!
* * * LOW HITPOINT WARNING * * *
You hit the worm.
The worm is moderately wounded.
You hit the worm.
The worm is severely wounded.
The worm bites you.
You die...

.⌠.⌠.........# #........# #.#
.............# #........# #.#
......######..##........######.#
.###### ####.##........##.....#
.# .....##......>.##.....# ###
......#........##.....# ..#
......#%.......######.# ..#
...............######.# ..######
.......@##'####.......# .......#
.......w##.####.####### .......#
........##.#........# .......#
........##.#........# .......#
........##.#........# .......#
........##.......##... ########
........##.......# .#.#
........##.......# # # #........


You could see a worm.

Vanquished Creatures
  2 adders (D:3)
  A worm (D:3)
  2 dart slugs
  5 leopard geckos
  5 bats
  A giant cockroach (D:1)
  2 goblins
  5 hobgoblins
  2 kobolds
  A quokka (D:2)
  A ball python (D:3)
  4 frilled lizards (D:2)
  6 rats
37 creatures vanquished.

Notes
Turn   | Place    | Note
-------+----------+-------------------------------------------
     0 | D:1      | Freyura the Demonspawn Gladiator began the quest for the
                  | Orb.
     0 | D:1      | Reached XP level 1. HP: 16/16 MP: 1/1
   205 | D:1      | Gained mutation: You have sharp fingernails. [demonic
                  | ancestry]
   205 | D:1      | Reached XP level 2. HP: 14/22 MP: 2/2
   855 | D:2      | Noticed a centaur
   869 | D:2      | Found a hazy altar of Hepliaklqana.
  1098 | D:2      | Gained mutation: You have very sharp fingernails. [demonic
                  | ancestry]
  1098 | D:2      | Reached XP level 3. HP: 23/28 MP: 3/3
  1125 | D:2      | Found a faded altar of an unknown god.
  1384 | D:3      | Reached skill level 1 in Armour
  1386 | D:3      | Found a stormy altar of Qazlal.
  1406 | D:3      | Became a worshipper of Qazlal Stormbringer
  1444 | D:3      | Found a sparkling altar of Nemelex Xobeh.
  1478 | D:3      | Found a transporter.
  1481 | D:3      | Noticed Danqa's ghost (amateur SpEn)
  1482 | D:3      | Identified the +5 dire flail of Cruel Justice {antimagic,
                  | *Rage +Rage rPois Stlth+}
  1482 | D:3      | Noticed an ogre
  1483 | D:3      | Found a transporter.
  1485 | D:3      | Noticed an ogre
  1487 | D:3      | Noticed an ogre
  1563 | D:3      | Reached skill level 1 in Unarmed Combat
  1711 | D:3      | Slain by a worm

Levels and vault maps discovered:
D:1:      dpeg_arrival_rhombus, layout_basic
D:2:      minmay_wonky_spiral, layout_basic, lemuel_crystal_altar,
          chequers_ecumenical_altar_simple, hangedman_decor_peaks_small,
          lightli_corner_chamber
D:3:      layout_basic, nicolae_overflow_crystal_walls,
          nemelex_xobeh_ov_fountains_minmay, first_ration, gammafunk_ghost_smash

Skill      XL: |  1  2  3 |
---------------+----------+-----
Maces & Flails | 3 |  3.2
Dodging        | 3 |  3.1
Armour         | 1 |  1.1
Unarmed Combat | 1 |  1.1
Fighting       | |  2.5
Throwing       | |  1.7
Invocations    | |  0.3

Action                   || total
-------------------------++-------
Melee: Flail             ||    45
       Mace              ||    74
  Use: Potion            ||     8
 Stab: Sleeping          ||     2
  Eat: Chunk             ||     2
Armor: Leather armour    ||    17
       Ring mail         ||    23
Dodge: Dodged            ||    86

Table legend:
 A = Non-vault XP
 B = Vault XP
 C = Vault XP percentage of total XP
 D = Non-vault monster count
 E = Vault monster count
 F = Vault count percentage of total count
                 A         B        C        D         E       F
            +---------+---------+-------+---------+---------+-------
      Total |      88 |       6 |   6.4 |      34 |       3 |   8.1
            +---------+---------+-------+---------+---------+-------
        D:1 |      15 |       0 |   0.0 |       7 |       0 |   0.0
        D:2 |      29 |       6 |  17.1 |      16 |       3 |  15.8
        D:3 |      44 |       0 |   0.0 |      11 |       0 |   0.0
            +---------+---------+-------+---------+---------+-------
